 Dungeon Crawl Stone Soup version 0.28-a0-723-g095bd1b44f (webtiles) character file.

Game seed: 18380211326415783624

2 flotson the Sneak (level 1, -2/18 HPs)
             Began as a Demonspawn Delver on Oct 26, 2021.
             Hit by a stone thrown by a kobold (5 damage)
             ... on level 2 of the Dungeon.
             The game lasted 00:01:10 (368 turns).

flotson the Sneak (Demonspawn Delver)                Turns: 368, Time: 00:01:11

Health: -2/18      AC:  3    Str: 12    XL:     1   Next: 33%
Magic:  1/1        EV: 11    Int: 11    God:
Gold:   7          SH:  0    Dex: 14    Spells: 0/0 levels left

rFire   . . .      SeeInvis .   a - +0 hand axe
rCold   . . .      Faith    .   (no shield)
rNeg    . . .      Spirit   .   b - +0 leather armour
rPois   .          Reflect  .   (no helmet)
rElec   .          Harm     .   (no cloak)
rCorr   .          Rampage  .   (no gloves)
Will    .....                   (no boots)
Stlth   ++........              (no amulet)
HPRegen 0.06/turn               (no ring)
MPRegen 0.07/turn               (no ring)

@: no status effects
A: no striking features
a: no special abilities


You were on level 2 of the Dungeon.
You visited 1 branch of the dungeon, and saw 4 of its levels.

You collected 7 gold pieces.

Inventory:

Hand Weapons
 a - a +0 hand axe (weapon)
Armour
 b - a +0 leather armour (worn)
Wands
 d - a wand of charming (2)
 g - a wand of digging (3)
Scrolls
 c - a scroll of fog
 e - a scroll of fear
Potions
 h - a potion of lignification {unknown}


   Skills:
 + Level 3.0 Fighting
 - Level 1.7 Axes
 + Level 0.2 Armour
 + Level 1.8 Dodging
 - Level 4.5 Stealth
 + Level 0.0 Evocations


You couldn't memorise any spells.
You didn't know any spells.
Your spell library was empty.

Dungeon Overview and Level Annotations

Branches:
Dungeon (5/15)
 Temple: D:4-7

Altars:


Message History

A kobold comes into view. It is wielding a +0 short sword.
The kobold shouts!
You barely miss the kobold.
The goblin shouts!
The kobold hits you but does no damage. The kobold closely misses you.
You miss the kobold. The kobold barely misses you.
You miss the kobold.
The goblin shouts!
You hear a shout!
You hear an angry hiss.
The goblin unwields a +0 club.
The goblin wields a +0 hunting sling.
The goblin shoots a stone.
The stone closely misses you.
A rat comes into view.
The kobold hits you with a +0 short sword.
You hit the kobold.
The kobold is heavily wounded.
The goblin shoots a stone.
The stone barely misses you. The kobold closely misses you.
A kobold comes into view. It is wielding a +4 whip.
The goblin shoots a stone.
The stone hits you.
You barely miss the kobold.
The kobold is heavily wounded.
The kobold completely misses you.
The goblin shoots a stone.
The stone hits you.
You are too injured to fight recklessly!
You are too injured to fight recklessly!
You are too injured to fight recklessly!
You are too injured to fight recklessly!
You are too injured to fight recklessly!
You are too injured to fight recklessly!
You are too injured to fight recklessly!
You are too injured to fight recklessly!
You are too injured to fight recklessly!
You are too injured to fight recklessly!
You are too injured to fight recklessly!
The goblin shoots a stone.
The stone closely misses you.
The kobold hits you with a +0 short sword.
* * * LOW HITPOINT WARNING * * *
The goblin shoots a stone.
The stone hits you.
* * * LOW HITPOINT WARNING * * *
The kobold throws a stone.
The stone hits you.
You die...

###### #....#
#....# #....# ...
#K...#.... #####
#....gr......
#....##@..........g
#..........K....
###.#.......g..
#..######..#. ..
##.######.## ...
#........# #...
######).####....
#.[.#...# .
####...g## ...


You could see 2 goblins, 2 kobolds and a rat.

Vanquished Creatures
  2 bats
  A kobold (D:2)
3 creatures vanquished.

Notes
Turn   | Place    | Note
-------+----------+-------------------------------------------
     0 | D:5      | flotson the Demonspawn Delver began the quest for the Orb.
     0 | D:5      | Reached XP level 1. HP: 18/18 MP: 1/1
   368 | D:2      | Hit by a stone thrown by a kobold

Illustrated notes

Levels and vault maps discovered:
D:2:      layout_rooms, dilly_ecumenical_altar_fadedgnrine
D:3:      layout_basic, mainiacjoe_overflow_brackets,
          mainiacjoe_overflow_cross_hatched, nicolae_overflow_hidden_temple
D:4:      kennysheep_spiral_hall, layout_basic, grunt_ministairs_11,
          due_unseen_surprise
D:5:      layout_loops_cross, nemelex_dance_club_becter, uniq_edmund

Action                   || total
-------------------------++-------
Melee: Hand axe          ||    15
  Use: Scroll            ||     1
       Potion            ||     1
Armor: Leather armour    ||     6
Dodge: Dodged            ||    19

Table legend: (Time is in decaauts)
 A = Elapsed time spent in this place.
 B = Non-inter-level travel time spent in this place.
 C = Inter-level travel time spent in this place.
 D = Time resting spent in this place.
 E = Time spent auto-exploring this place.
 F = Levels seen in this place.
 G = Mean time per level.
                   A        B        C        D        E       F      G
               +--------+--------+--------+--------+--------+-----+--------+
         Total |    350 |    337 |     13 |      7 |    212 |   4 |   87.5 |
       Dungeon |    350 |    337 |     13 |      7 |    212 |   4 |   87.5 |
               +--------+--------+--------+--------+--------+-----+--------+

Top non-repeatable levels by time:
     D:2: 199 daAuts
     D:4: 64 daAuts
     D:5: 56 daAuts
     D:3: 29 daAuts
